 Dungeon Crawl Stone Soup version 0.27-a0-1084-g78b3836a5f (webtiles) character file.

Game seed: 3627461672473330335

211 tilp the Sneak (level 5, 0/29 HPs)
             Began as a Vine Stalker Brigand on Apr 27, 2021.
             Succumbed to a scorpion's poison
             ... on level 4 of the Dungeon.
             The game lasted 00:04:58 (3018 turns).

tilp the Sneak (Vine Stalker Brigand)               Turns: 3018, Time: 00:04:59

Health: 0/29       AC:  8    Str: 13    XL:     5   Next: 88%
Magic:  2/6        EV:  9    Int: 11    God:
Gold:   281        SH:  0    Dex: 17    Spells: 4/4 levels left

rFire    . . .     SeeInvis .   a - +2 dagger (freeze)
rCold    . . .     Faith    .   (no shield)
rNeg     + . .     Spirit   +   j - +0 scale mail
rPois    .         Reflect  .   (no helmet)
rElec    .         Harm     .   c - +1 cloak
rCorr    .         Rampage  .   (no gloves)
Will     .....                  (no boots)
Stlth    ++........             (no amulet)
HPRegen  1.09/turn              p - ring of positive energy
MPRegen  0.10/turn              (no ring)

@: lethally poisoned (0 -> -1), on berserk cooldown, slowed, very slow
A: fangs 2, regeneration 1, magic shield, antimagic bite, no potion heal 2
a: no special abilities


You were on level 4 of the Dungeon.
You visited 1 branch of the dungeon, and saw 4 of its levels.

You collected 281 gold pieces.

Inventory:

Hand Weapons
 a - a +2 dagger of freezing (weapon)
 l - a +0 dagger of flaming
Missiles
 d - 16 poisoned darts (quivered)
 e - 6 curare-tipped darts {!f}
Armour
 c - a +1 cloak (worn)
 j - a +0 scale mail (worn)
Jewellery
 p - a ring of positive energy (left hand)
Wands
 i - a wand of paralysis (14)
Scrolls
 b - a scroll of magic mapping
Potions
 f - a potion of flight
 g - a potion of magic
 m - a potion of brilliance
 n - a potion of might


   Skills:
 + Level 4.0 Fighting
 - Level 4.0 Short Blades
 - Level 1.7 Throwing
 - Level 0.7 Dodging
 - Level 4.8 Stealth


You had 4 spell levels left.
You didn't know any spells.
Your spell library contained the following spells:

 Spells                   Type           Power      Damage    Failure   Level
 Summon Small Mammal      Summ           0%         N/A       87%         1
 Call Imp                 Summ           0%         N/A       95%         2
 Call Canine Familiar     Summ           0%         N/A       99%         3
 Summon Guardian Golem    Hex/Summ       0%         N/A       99%         3
 Summon Ice Beast         Ice/Summ       0%         N/A       100%        4
 Summon Lightning Spire   Summ/Air       0%         N/A       100%        4


Dungeon Overview and Level Annotations

Branches:
Dungeon (4/15)
 Temple: D:4-7

Altars:
Dithmenos
Ru
Xom

Shops:
D:1 =


Innate Abilities, Weirdness & Mutations

You have extremely sharp teeth.
Your natural rate of healing is unusually fast.
When hurt, damage is shared between your health and your magic reserves.
Your bite disrupts and absorbs the magic of your enemies.
Potions cannot restore your health.


Message History

You hit the scorpion but do no damage. Your bite misses the scorpion.
The scorpion is severely wounded.
You feel sick. The scorpion stings you.
* * * LOW HITPOINT WARNING * * *
You are more poisoned.
The scorpion poisons you!
Unknown command.
A red film seems to cover your vision as you go berserk!
You feel yourself moving faster!
You feel mighty!
You feel very sick. The scorpion stings you!
* * * LOW HITPOINT WARNING * * *
Unknown command.
Unknown command.
You are too berserk!
You puncture the scorpion! You freeze the scorpion.
You kill the scorpion!
* * * LOW HITPOINT WARNING * * *
You feel sick.
Training target 4.0 for Fighting reached!
Training target 4.0 for Short Blades reached!
Your Fighting skill increases to level 4!
Your Short Blades skill increases to level 4!
You need to enable at least one skill for training.
You are too berserk!
* * * LOW HITPOINT WARNING * * *
You feel sick.
Unknown command.
You feel a strong urge to attack something.
* * * LOW HITPOINT WARNING * * *
You feel sick.
* * * LOW HITPOINT WARNING * * *
You feel sick.
You feel your anger nearly subside.
* * * LOW HITPOINT WARNING * * *
You feel sick.
You are no longer berserk.
You are exhausted.
You feel yourself slow down.
You die...

... ..... ....#
#..# #.## #.(##
#...#######
##(..()@...#
###....#####..#
#......## #
#...##...##
#..# ##...# #.#
##..# ... ##.#
... ##..# ###
###...#


There were no monsters in sight!

Vanquished Creatures
  A scorpion (D:4)
  A hound (D:4)
  3 adders
  A worm (D:1)
  8 orcs
  10 ball pythons
  11 endoplasms
  2 giant cockroaches (D:1)
  9 goblins
  2 hobgoblins (D:1)
  10 jackals
  6 kobolds
  A quokka (D:1)
  7 bats
  4 frilled lizards
  5 rats
81 creatures vanquished.

Vanquished Creatures (others)
  A fungus (D:2)
  3 toadstools (D:2)
4 creatures vanquished.

Grand Total: 85 creatures vanquished

Notes
Turn   | Place    | Note
-------+----------+-------------------------------------------
     0 | D:1      | tilp the Vine Stalker Brigand began the quest for the Orb.
     0 | D:1      | Reached XP level 1. HP: 11/11 MP: 2/2
   290 | D:1      | Reached XP level 2. HP: 15/15 MP: 3/3
   566 | D:1      | Found Laf Higa's Jewellery Emporium.
   844 | D:1      | Reached XP level 3. HP: 19/19 MP: 4/4
  1914 | D:2      | Gained mutation: Your natural rate of healing is unusually
                  | fast. [Vine Stalker growth]
  1914 | D:2      | Reached XP level 4. HP: 24/24 MP: 5/5
  2700 | D:3      | Found a sacrificial altar of Ru.
  2700 | D:3      | Found a shimmering altar of Xom.
  2936 | D:4      | Reached XP level 5. HP: 28/28 MP: 4/6
  2942 | D:4      | Found a shadowy altar of Dithmenos.
  3014 | D:4      | HP: 2/43 [poisoned by a scorpion]
  3018 | D:4      | Succumbed to a scorpion's poison

Illustrated notes

Levels and vault maps discovered:
D:1:      matt_arrival_diagonals, layout_loops_ring, serial_shops,
          nicolae_shop_statue_plus
D:2:      layout_rooms, minmay_gold_behind_fungi, patterned_corridor
D:3:      layout_basic, gammafunk_temple_overflow_wave
D:4:      layout_layer_cave, kennysheep_mini_moat, uniq_sigmund

Skill      XL: |  1  2  3  4  5 |
---------------+----------------+-----
Fighting       | 2 3 4 |  4.0
Short Blades   | 2 3 4 |  4.0
Throwing       | |  1.7
Dodging        | |  0.7
Stealth        | |  4.8

Action                   |  1- 3 |  4- 6 || total
-------------------------+-------+-------++-------
Melee: Dagger            |   114 |   103 ||   217
       Bite              |    20 |    23 ||    43
Throw: Dart              |     2 |     2 ||     4
  Use: Scroll            |     5 |     9 ||    14
       Potion            |       |     1 ||     1
 Stab: Sleeping          |     7 |     8 ||    15
       Distracted        |     1 |       ||     1
Armor: Leather armour    |    42 |     3 ||    45
       Scale mail        |       |    27 ||    27
Dodge: Dodged            |    68 |    25 ||    93

Table legend: (Time is in decaauts)
 A = Elapsed time spent in this place.
 B = Non-inter-level travel time spent in this place.
 C = Inter-level travel time spent in this place.
 D = Time resting spent in this place.
 E = Time spent auto-exploring this place.
 F = Levels seen in this place.
 G = Mean time per level.
                   A        B        C        D        E       F      G
               +--------+--------+--------+--------+--------+-----+--------+
         Total |   2985 |   2855 |    130 |    476 |   1828 |   4 |  746.2 |
       Dungeon |   2985 |   2855 |    130 |    476 |   1828 |   4 |  746.2 |
               +--------+--------+--------+--------+--------+-----+--------+

Top non-repeatable levels by time:
     D:1: 1241 daAuts
     D:2: 932 daAuts
     D:3: 527 daAuts
     D:4: 283 daAuts
